 Dungeon Crawl Stone Soup version 0.27.1-3-gb3d3a73c9e (webtiles) character file.

Game seed: 2794918991329732641

119 raph the Magician (level 5, 0/38 HPs)
             Began as a Djinni Fire Elementalist on Oct 17, 2021.
             Slain by Grinder (3 damage)
             ... on level 4 of the Dungeon.
             The game lasted 00:04:08 (3339 turns).

raph the Magician (Djinni Fire Elementalist)        Turns: 3339, Time: 00:04:09

Health: 0/38       AC:  3    Str:  7    XL:     5   Next: 24%
Gold:   130        EV: 13    Int: 18    God:
                   SH:  0    Dex: 13

rFire    + + +     SeeInvis .   j - +1 dagger (elec)
rCold    . . .     Faith    .   (no shield)
rNeg     . . .     Spirit   .   a - +0 robe
rPois    ∞         Reflect  .   i - +0 helmet
rElec    .         Harm     .   p - scarf {rC+ rF+}
rCorr    .         Rampage  .   (no gloves)
Will     .....                  (boots unavailable)
Stlth    ++........             (no amulet)
HPRegen  0.12/turn              o - ring of protection from fire
MPRegen  0.00/turn              (no ring)

@: flying
A: sickness immunity, fire resistance 2, cold vulnerability 1, float, innate
caster, hp casting, extra vitality 1
a: no special abilities


You were on level 4 of the Dungeon.
You visited 1 branch of the dungeon, and saw 4 of its levels.

You collected 130 gold pieces.

Inventory:

Hand Weapons
 j - a +1 dagger of electrocution (weapon)
Armour
 a - a +0 robe (worn)
 i - a +0 helmet (worn)
 p - a scarf of resistance (worn)
Jewellery
 o - a ring of protection from fire (left hand)
Wands
 r - a wand of mindburst (7)
Scrolls
 c - 2 scrolls of teleportation
 s - 2 scrolls of torment
Potions
 e - a potion of curing
 f - a potion of invisibility
 g - a potion of might
 k - a potion of lignification
 m - a potion of brilliance {unknown}


   Skills:
 + Level 1.7 Fighting
 + Level 3.1 Dodging
 + Level 2.4 Stealth
 * Level 3.2 Spellcasting


You couldn't memorise any spells.
You knew the following spells:

 Your Spells              Type           Power      Damage    Failure   Level
a - Foxfire               Conj/Fire      56%        2x1d6     4%          1
b - Conjure Flame         Conj/Fire      14%        6-21      12%         3
c - Inner Flame           Hex/Fire       14%        N/A       12%         3
d - Sticky Flame          Conj/Fire      14%        2d4       38%         4
e - Fireball              Conj/Fire      7%         3d5       75%         5
f - Beastly Appendage     Tmut           28%        N/A       4%          1
g - Static Discharge      Conj/Air       14%        N/A       6%          2
Your spell library was empty.

Dungeon Overview and Level Annotations

Branches:
Dungeon (4/15)
 Temple: D:4-7

Altars:
The Shining One

Annotations:
D:3 Sigmund
D:4 Grinder


Innate Abilities, Weirdness & Mutations

You are immune to sickness and miasma.
You are immune to poison.
Your flesh is very heat resistant. (rF++)
You are vulnerable to cold. (rC-)
You float through the air rather than walking.
You learn spells naturally, not from books.
Your magical power is your life essence.
You have superior vitality. (+4 HP)


Message History

Casting: Foxfire (safe; 4% risk of failure)
Confirm with . or Enter, or press ? or * to list all spells.
You conjure some foxfire!
* * * LOW HITPOINT WARNING * * *
The foxfire hits Grinder but does no damage.
Grinder is heavily wounded.
The foxfire hits Grinder but does no damage.
Grinder is heavily wounded.
Grinder gestures at you. You resist with significant effort.
Casting: Foxfire (safe; 4% risk of failure)
Confirm with . or Enter, or press ? or * to list all spells.
You conjure some foxfire!
* * * LOW HITPOINT WARNING * * *
The foxfire hits Grinder but does no damage.
Grinder is heavily wounded.
The foxfire hits Grinder.
Grinder is heavily wounded.
Grinder blinks!
Casting: Foxfire (safe; 4% risk of failure)
Confirm with . or Enter, or press ? or * to list all spells.
You conjure some foxfire!
* * * LOW HITPOINT WARNING * * *
The foxfire hits Grinder but does no damage.
Grinder is heavily wounded.
The foxfire hits Grinder.
Grinder is heavily wounded.
An orc comes into view. It is wielding a +0 trident.
Casting: Foxfire (safe; 4% risk of failure)
Confirm with . or Enter, or press ? or * to list all spells.
You conjure some foxfire!
* * * LOW HITPOINT WARNING * * *
The foxfire hits Grinder.
Grinder is severely wounded.
The foxfire hits Grinder.
Grinder is severely wounded.
Grinder hits you.
* * * LOW HITPOINT WARNING * * *
You writhe in agony.
You die...

... ######...
......
#######.#.#
#....?....#
#.8.....8.#
#.........#
..#....§....#
#......v@>...##
......§v5.l...##
..........$....#
.....8.....8...#
....(..).).....#
...............#
..o((.........<#
..............#
............


You could see Grinder (ally target), an iguana and an orc.

Vanquished Creatures
  Jessica (D:3)
  Natasha (D:4)
  A gnoll (D:1)
  2 adders (D:3)
  A worm (D:2)
  4 ball pythons
  3 bats
  4 endoplasms
  3 giant cockroaches
  A goblin (D:2)
  2 hobgoblins
  4 jackals (D:1)
  5 kobolds
  2 quokkas
  2 frilled lizards
  2 rats
38 creatures vanquished.

Vanquished Creatures (others)
  121 foxfires
  2 plants (D:1)
123 creatures vanquished.

Grand Total: 161 creatures vanquished

Notes
Turn   | Place    | Note
-------+----------+-------------------------------------------
     0 | D:1      | raph the Djinni Fire Elementalist began the quest for the
                  | Orb.
     0 | D:1      | Reached XP level 1. HP: 15/15 MP: 0/0
   302 | D:1      | Reached XP level 2. HP: 19/22 MP: 0/0
   811 | D:1      | Reached XP level 3. HP: 21/26 MP: 0/0
   811 | D:1      | Learned a level 1 spell: Beastly Appendage
  1342 | D:2      | Reached skill level 1 in Fighting
  1896 | D:3      | Noticed Jessica
  1903 | D:3      | Killed Jessica
  1904 | D:3      | Reached XP level 4. HP: 29/32 MP: 0/0
  1980 | D:3      | Found a glowing golden altar of the Shining One.
  2326 | D:3      | Found a faded altar of an unknown god.
  2357 | D:3      | Noticed Sigmund
  3325 | D:4      | Noticed Grinder
  3328 | D:4      | Noticed Natasha
  3331 | D:4      | Killed Natasha
  3332 | D:4      | Reached XP level 5. HP: 13/38 MP: 0/0
  3332 | D:4      | Learned a level 2 spell: Static Discharge
  3339 | D:4      | Slain by Grinder

Illustrated notes

Levels and vault maps discovered:
D:1:      lemuel_arrival_funnel, layout_basic, serial_forest,
          infiniplex_forest_end_1, infiniplex_forest_end_2,
          infiniplex_forest_straight_5, infiniplex_forest_lined_room_2,
          infiniplex_forest_end_2, infiniplex_forest_corner_1,
          infiniplex_forest_lined_room_3
D:2:      layout_rooms, minmay_misc_feat_rugged
D:3:      layout_basic, mainiacjoe_overflow_24_doors,
          shapermc_ecumenical_altar_acropolis, uniq_jessica, uniq_sigmund
D:4:      layout_rooms, st_stairs_1, uniq_natasha, uniq_grinder

Skill      XL: |  1  2  3  4 |
---------------+-------------+-----
Stealth        | 2 |  2.4
Fighting       | 1 |  1.7
Spellcasting   | 3 |  3.2
Dodging        | 3 |  3.1

Action                   |  1- 3 |  4- 6 || total
-------------------------+-------+-------++-------
Melee: Unarmed           |     8 |       ||     8
       Dagger            |     2 |    21 ||    23
 Cast: Foxfire           |    43 |    27 ||    70
  Use: Scroll            |       |    11 ||    11
 Stab: Sleeping          |       |     1 ||     1
Armor: Robe              |     2 |     4 ||     6
Dodge: Dodged            |    12 |    18 ||    30
